[Event "Titled Tuesday Blitz May 16 Early 2023"]
[White "Nihal Sarin"]
[Black "Guerra Tulcan, Lenin"]
[WhiteFideId "25092340"]
[BlackFideId "3601382"]
[WhiteElo "2689"]
[BlackElo "2368"]
[Result "1-0"]
[Round "01"]
[TimeControl "180+2"]
[Date "2023.05.16"]
[WhiteClock "0:00:03"]
[BlackClock "0:00:05"]

1. Nf3 c5 2. g3 e6 3. Bg2 Nf6 4. O-O Be7 5. c4 O-O 6. b3 d6 7. d4 Nbd7 8. Bb2 Rb8 9. Nc3 a6 10. Qd2 b5 11. dxc5 Nxc5 12. Nd4 Bd7 13. b4 Na4 14. Nxa4 bxa4 15. a3 e5 16. Nc2 Be6 17. Ne3 Qb6 18. Rac1 Rfc8 19. Rfd1 h5 20. h4 Rc7 21. Rc2 Rbc8 22. Rdc1 Rd7 23. Nd5 Bxd5 24. cxd5 Rdc7 25. Rc6 Rxc6 26. Rxc6 Rxc6 27. dxc6 Ne8 28. Qc2 Nc7 29. Qxa4 g6 30. Qc2 Kg7 31. Qc4 f6 32. Bc1 Qb5 33. Qxb5 axb5 34. Be3 Kf7 35. Bb6 Bd8 36. e3 Ke7 37. Kf1 Ke6 38. e4 Ke7 39. Ke1 Ne6 40. Bxd8+ Kxd8 41. Bf1 Nd4 42. Kd2 Kc7 43. Kc3 Kxc6 44. Bd3 f5 45. exf5 gxf5 46. Kd2 d5 47. Ke3 Kd6 48. f4 Ke6 49. fxe5 Kxe5 50. Bb1 Ne6 51. Bd3 d4+ 52. Kd2 Nc7 53. Be2 f4 54. gxf4+ Kxf4 55. Bxh5 Kg3 56. Kd3 Kxh4 57. Be2 Kg5 58. Kxd4 Kf6 59. Kc5 Ne6+ 60. Kb6 Ke5 61. Bxb5 Nd4 62. a4 Kd6 63. Bd3 Kd7 64. a5 Kc8 65. a6 1-0


[Site "https://www.chess.com"]

[Event "Titled Tuesday Blitz May 16 Early 2023"]
[White "Principe, Gerson"]
[Black "Firouzja, Alireza"]
[WhiteFideId "3804550"]
[BlackFideId "12573981"]
[WhiteElo "2229"]
[BlackElo "2904"]
[Result "0-1"]
[Round "01"]
[TimeControl "180+2"]
[Date "2023.05.16"]
[WhiteClock "0:00:00"]
[BlackClock "0:00:52"]

1. d4 Nf6 2. Nf3 g6 3. e3 Bg7 4. Be2 O-O 5. O-O d6 6. c4 Nbd7 7. b4 e5 8. Bb2 e4 9. Nfd2 Re8 10. Nc3 Nf8 11. b5 h5 12. a4 Bf5 13. a5 a6 14. bxa6 bxa6 15. Nd5 Nxd5 16. cxd5 Nh7 17. Rc1 Ra7 18. Ba3 Nf6 19. Qb3 Ng4 20. h3 Nh6 21. Kh1 Qh4 22. Qd1 Bxh3 23. gxh3 Qxh3+ 24. Kg1 Ng4 25. Bxg4 hxg4 26. Qe2 f5 27. Rfe1 f4 28. Qf1 Qh4 29. exf4 Bxd4 30. Rxe4 Rxe4 31. Nxe4 g3 32. Qg2 Qxf4 33. Re1 Rb7 34. Bc1 gxf2+ 35. Nxf2 Qf5 36. Be3 Rb1 0-1


[Site "https://www.chess.com"]

[Event "Titled Tuesday Blitz May 16 Early 2023"]
[White "surrenderPLS"]
[Black "Nakamura, Hikaru"]
[BlackFideId "2016192"]
[WhiteElo "2532"]
[BlackElo "2885"]
[Result "0-1"]
[Round "01"]
[TimeControl "180+2"]
[Date "2023.05.16"]
[WhiteClock "0:00:45"]
[BlackClock "0:02:03"]

1. e4 g6 2. d4 Bg7 3. Nc3 a6 4. Nf3 b5 5. a3 Bb7 6. Be3 d6 7. Qd2 Nd7 8. h4 Ngf6 9. Bd3 Ng4 10. Bf4 c5 11. dxc5 Nxc5 12. Qe2 Rc8 13. h5 Nxd3+ 14. Qxd3 Qc7 15. hxg6 hxg6 16. Rxh8+ Bxh8 17. Bd2 Qc4 18. O-O-O Nxf2 19. Qxc4 Rxc4 20. Rf1 Nxe4 21. Nxe4 Bxe4 22. c3 Bf6 23. Re1 Bf5 24. b3 Rg4 25. Re2 Be4 26. Kb2 Bd5 27. Rf2 Rxg2 28. Rxg2 Bxf3 29. Rf2 Bc6 30. Kc2 g5 31. Rf5 Be4+ 0-1


[Site "https://www.chess.com"]

[Event "Titled Tuesday Blitz May 16 Early 2023"]
[White "Dubov, Daniil"]
[Black "Omelja, Artem"]
[WhiteFideId "24126055"]
[BlackFideId "14119846"]
[WhiteElo "2793"]
[BlackElo "2404"]
[Result "1-0"]
[Round "01"]
[TimeControl "180+2"]
[Date "2023.05.16"]
[WhiteClock "0:02:19"]
[BlackClock "0:00:25"]

1. e4 c5 2. Nf3 Nc6 3. Bb5 g6 4. O-O Bg7 5. c3 e5 6. d4 cxd4 7. cxd4 Nxd4 8. Nxd4 exd4 9. Bf4 Ne7 10. Nd2 O-O 11. Bd6 Re8 12. Bc4 Nc6 13. f4 d3 14. e5 Bf8 15. Ne4 Bxd6 16. Nxd6 Re7 17. Qxd3 Qb6+ 18. Kh1 Qd4 19. Qg3 Na5 20. Rad1 Qxb2 21. Bxf7+ Rxf7 22. Nxf7 Kxf7 23. f5 Kg7 24. e6 dxe6 25. f6+ Kh6 26. Qh4# 1-0


[Site "https://www.chess.com"]

[Event "Titled Tuesday Blitz May 16 Early 2023"]
[White "Belov, Alexei"]
[Black "Grischuk, Alexander"]
[WhiteFideId "4128206"]
[BlackFideId "4126025"]
[WhiteElo "2527"]
[BlackElo "2721"]
[Result "0-1"]
[Round "01"]
[TimeControl "180+2"]
[Date "2023.05.16"]
[WhiteClock "0:00:08"]
[BlackClock "0:00:46"]

1. e4 e6 2. d4 d5 3. Nd2 c5 4. Ngf3 cxd4 5. exd5 Qxd5 6. Bc4 Qd6 7. O-O Nf6 8. Nb3 Nc6 9. Nfxd4 Nxd4 10. Qxd4 Qxd4 11. Nxd4 Bd7 12. Be2 Bc5 13. Rd1 O-O-O 14. Bf4 Ba4 15. Nb3 Bb6 16. Bf3 Bc6 17. Bxc6 bxc6 18. Kf1 Nd5 19. Bd2 e5 20. c4 Ne7 21. Bc3 f6 22. Ke2 Nf5 23. g4 Ne7 24. Bb4 Ng6 25. Nc5 Nf4+ 26. Kf3 h5 27. gxh5 Rxh5 28. Rxd8+ Bxd8 29. Bd2 Rh3+ 30. Kg4 Rxh2 31. Bxf4 exf4 32. Kf3 Bb6 33. Nd3 Rh3+ 34. Ke4 f5+ 0-1


[Site "https://www.chess.com"]

[Event "Titled Tuesday Blitz May 16 Early 2023"]
[White "Reprintsev, Alexander"]
[Black "Bortnyk, Olexandr"]
[WhiteFideId "14100541"]
[BlackFideId "14120828"]
[WhiteElo "2218"]
[BlackElo "2734"]
[Result "0-1"]
[Round "01"]
[TimeControl "180+2"]
[Date "2023.05.16"]
[WhiteClock "0:00:07"]
[BlackClock "0:00:18"]

1. e4 d6 2. d4 Nf6 3. Nc3 Nbd7 4. g4 h6 5. Bg2 e5 6. Be3 b6 7. h3 Bb7 8. Nge2 g6 9. Qd2 Bg7 10. Kd1 exd4 11. Nxd4 Nc5 12. f3 Qe7 13. a4 a6 14. b4 Ncd7 15. Ra3 c5 16. bxc5 dxc5 17. Nde2 Ne5 18. Qc1 Nc4 19. Ra2 O-O-O+ 20. Ke1 Nxe3 21. Qxe3 Nd5 22. Nxd5 Bxd5 23. Ra3 Bc4 24. f4 Bb2 25. Rc3 Qh4+ 26. Ng3 Bxc3+ 27. Qxc3 Rd4 28. Kf2 Rhd8 29. Re1 Qf6 30. Qe3 Rd2+ 31. Kg1 Qd4 32. c3 Qxe3+ 33. Rxe3 R8d3 34. Rxd3 Rxd3 35. Kf2 Rxc3 36. e5 Rc2+ 37. Kg1 b5 38. axb5 axb5 39. f5 b4 40. Be4 Rc3 41. Kf2 g5 42. f6 b3 43. Nf5 b2 44. Nd6+ Kd7 45. Bf5+ Be6 46. Nxf7 Bxf5 47. gxf5 b1=Q 48. e6+ Kc7 49. e7 Qb2+ 0-1


[Site "https://www.chess.com"]

[Event "Titled Tuesday Blitz May 16 Early 2023"]
[White "Mamedyarov, Shakhriyar"]
[Black "Arat, Ufuk Sezen"]
[WhiteFideId "13401319"]
[BlackFideId "6309089"]
[WhiteElo "2704"]
[BlackElo "2289"]
[Result "1-0"]
[Round "01"]
[TimeControl "180+2"]
[Date "2023.05.16"]
[WhiteClock "0:00:22"]
[BlackClock "0:00:00"]

1. d4 Nf6 2. c4 g6 3. g3 c6 4. Bg2 d5 5. Qa4 Bg7 6. cxd5 Nxd5 7. Nf3 O-O 8. O-O Nb6 9. Qc2 Bf5 10. e4 Bg4 11. Ne5 Be6 12. Rd1 N8d7 13. Nf3 Bg4 14. Nc3 e5 15. dxe5 Bxf3 16. Bxf3 Qe7 17. Bg2 Nxe5 18. h3 Rad8 19. Bf4 g5 20. Be3 Nec4 21. Bc1 Rxd1+ 22. Nxd1 Rd8 23. Ne3 Nxe3 24. Bxe3 Bd4 25. Bd2 Qf6 26. Rf1 Nd7 27. Kh1 g4 28. hxg4 Ne5 29. f3 b5 30. Bh3 Nc4 31. g5 Qe5 32. Bf4 Qc5 33. Rd1 Re8 34. b3 Ne3 35. Qxc5 Bxc5 36. Rc1 Bb6 37. Rxc6 Nd1 38. Kg2 Rd8 39. Bf5 Ne3+ 40. Bxe3 Bxe3 41. f4 Rd2+ 42. Kf3 Bg1 43. e5 Rxa2 44. Rc8+ Kg7 45. Rc7 Kg8 46. e6 fxe6 47. Bxe6+ Kf8 48. Rxh7 a5 49. f5 Rf2+ 50. Kg4 Re2 51. Rh8+ Ke7 52. Rh7+ Kd6 53. Rd7+ Kc5 54. g6 Re4+ 55. Kf3 1-0


[Site "https://www.chess.com"]

[Event "Titled Tuesday Blitz May 16 Early 2023"]
[White "Andreikin, Dmitry"]
[Black "Staudenhocker43"]
[WhiteFideId "4158814"]
[WhiteElo "2736"]
[BlackElo "2527"]
[Result "1-0"]
[Round "01"]
[TimeControl "180+2"]
[Date "2023.05.16"]
[WhiteClock "0:00:26"]
[BlackClock "0:00:12"]

1. c4 c6 2. Nf3 d5 3. g3 Nf6 4. Bg2 g6 5. b3 Bg7 6. Bb2 O-O 7. O-O a5 8. d3 Na6 9. cxd5 cxd5 10. Nc3 Nb4 11. a3 Nc6 12. Rc1 e5 13. Nb5 Qe7 14. a4 Rd8 15. Ba3 Nb4 16. Rc7 Rd7 17. Qc1 Qd8 18. Nxe5 Re7 19. Rxe7 Qxe7 20. Qc7 Qe6 21. Qd8+ Qe8 22. Qxe8+ Nxe8 23. f4 Be6 24. Rc1 Bxe5 25. fxe5 Nc6 26. d4 f6 27. exf6 Kf7 28. e3 Rd8 29. Bc5 Nxf6 30. Nd6+ Kg7 31. Nxb7 Rb8 32. Bd6 Rxb7 33. Rxc6 Rxb3 34. Be5 Kf7 35. Bxf6 Rb1+ 36. Kf2 Rb2+ 37. Kf3 Kxf6 38. Bh3 1-0


[Site "https://www.chess.com"]

[Event "Titled Tuesday Blitz May 16 Early 2023"]
[White "Baghdasaryan, Vahe"]
[Black "Bluebaum, Matthias"]
[WhiteFideId "13303139"]
[BlackFideId "24651516"]
[WhiteElo "2216"]
[BlackElo "2639"]
[Result "1/2-1/2"]
[Round "01"]
[TimeControl "180+2"]
[Date "2023.05.16"]
[WhiteClock "0:00:29"]
[BlackClock "0:01:21"]

1. e4 e6 2. d4 d5 3. Nc3 Nf6 4. Bg5 dxe4 5. Nxe4 Be7 6. Bxf6 gxf6 7. Nf3 f5 8. Nc3 a6 9. Qd2 b5 10. O-O-O Qd6 11. g3 Bb7 12. Bg2 Nd7 13. Kb1 O-O-O 14. Rhe1 Nb6 15. b3 Kb8 16. Bh1 Bf6 17. Ng5 Qd7 18. Bxb7 Kxb7 19. Qf4 h6 20. Nge4 fxe4 21. Qxf6 Nd5 22. Nxd5 exd5 23. f3 Rhe8 24. fxe4 dxe4 25. Qxh6 f5 26. d5 Rh8 27. Qd2 Qd6 28. Rf1 Qe5 29. Qf4 Rxd5 30. Rxd5 Qxd5 31. Qxf5 Qxf5 32. Rxf5 Rxh2 33. Re5 Re2 34. Kc1 e3 35. Kd1 Rd2+ 36. Kc1 Re2 37. Kd1 Rd2+ 38. Kc1 Re2 1/2-1/2


[Site "https://www.chess.com"]

[Event "Titled Tuesday Blitz May 16 Early 2023"]
[White "Sarana, Alexey"]
[Black "Krsnik Cohar, Ivan Vihor"]
[WhiteFideId "24133795"]
[BlackFideId "14520044"]
[WhiteElo "2714"]
[BlackElo "2414"]
[Result "1-0"]
[Round "01"]
[TimeControl "180+2"]
[Date "2023.05.16"]
[WhiteClock "0:00:45"]
[BlackClock "0:00:00"]

1. c4 Nf6 2. d4 e6 3. Nc3 Be7 4. e4 d6 5. Bd3 Nbd7 6. Nge2 O-O 7. f3 e5 8. Be3 exd4 9. Nxd4 Re8 10. O-O a5 11. b3 Nc5 12. Be2 g6 13. Qd2 Nh5 14. Rfd1 c6 15. Rab1 Qc7 16. a3 b6 17. b4 axb4 18. axb4 Ne6 19. b5 Nxd4 20. Bxd4 c5 21. Nd5 Qd8 22. Bc3 Be6 23. Nxe7+ Qxe7 24. Qxd6 Qg5 25. Bd2 Qd8 26. Be3 Qb8 27. g4 Nf6 28. Bf4 Qxd6 29. Rxd6 Nd7 30. Rbd1 Ra7 31. h4 Kg7 32. Kf2 h6 33. R1d2 Rb7 34. Ra2 f6 35. Ra6 Kf7 36. Bxh6 Rh8 37. g5 Ke7 38. Rc6 Ne5 39. Rcxb6 Rxb6 40. Rxb6 Nxc4 41. Rc6 Ne5 42. Rxc5 Nd7 43. gxf6+ Kf7 44. Bg7 Rxh4 45. Rc7 Rh2+ 46. Ke3 Ke8 47. b6 Kd8 48. Bb5 Nxb6 49. f7 Bxf7 50. Rxf7 Nd7 51. Rxd7+ 1-0


[Site "https://www.chess.com"]

[Event "Titled Tuesday Blitz May 16 Early 2023"]
[White "Gonzalez, Francisco Silva"]
[Black "Erigaisi Arjun"]
[WhiteFideId "1512285"]
[BlackFideId "35009192"]
[WhiteElo "2074"]
[BlackElo "2719"]
[Result "0-1"]
[Round "01"]
[TimeControl "180+2"]
[Date "2023.05.16"]
[WhiteClock "0:00:15"]
[BlackClock "0:00:40"]

1. d4 d6 2. e4 g6 3. c4 Bg7 4. Nc3 Nd7 5. Be3 Ngf6 6. f3 O-O 7. g4 e5 8. d5 a5 9. h4 h5 10. Bg5 hxg4 11. fxg4 Nc5 12. Be2 Qe8 13. Nb5 Qd7 14. Bxf6 Bxf6 15. g5 Bg7 16. Nc3 f5 17. h5 fxe4 18. h6 Bh8 19. Qd2 Qf7 20. Qe3 Qf4 21. Kd2 Bg4 22. Nh3 Qxe3+ 23. Kxe3 Bxe2 24. Kxe2 Rf5 25. Rhg1 Raf8 26. Rg3 Kh7 27. Rag1 c6 28. R1g2 a4 29. Rg1 R8f7 30. R1g2 cxd5 31. cxd5 Nd3 32. Nxe4 Nf4+ 33. Nxf4 exf4 34. Nxd6 Re7+ 35. Kf1 Rxd5 36. Rg4 Rd1+ 37. Kf2 Bd4+ 38. Kf3 Rf1+ 0-1


[Site "https://www.chess.com"]

[Event "Titled Tuesday Blitz May 16 Early 2023"]
[White "Martinez Alcantara, Jose Eduardo"]
[Black "Ginzburg, Yakov"]
[WhiteFideId "3805662"]
[BlackFideId "4157176"]
[WhiteElo "2711"]
[BlackElo "2305"]
[Result "1-0"]
[Round "01"]
[TimeControl "180+2"]
[Date "2023.05.16"]
[WhiteClock "0:00:25"]
[BlackClock "0:00:04"]

1. e4 c5 2. Nf3 e6 3. c3 d5 4. e5 d4 5. Bd3 Nc6 6. Qe2 Nge7 7. Be4 Ng6 8. Bxc6+ bxc6 9. d3 c4 10. cxd4 cxd3 11. Qxd3 a5 12. Qe4 Qd5 13. Qxd5 cxd5 14. a3 Ba6 15. Nc3 Be7 16. h4 h5 17. g3 f6 18. exf6 Bxf6 19. Be3 Rc8 20. Kd2 O-O 21. Ng5 e5 22. Nxd5 exd4 23. Bf4 d3 24. Nc3 Nxf4 25. gxf4 Bxc3+ 26. bxc3 Rxf4 27. f3 Re8 28. Rhe1 Re2+ 29. Rxe2 dxe2 30. Rb1 Rf8 31. Ke1 Rd8 32. Ne6 Rc8 33. Rb6 Bd3 34. Ng5 Kf8 35. Ne6+ Ke7 36. Nf4 Rxc3 37. Nd5+ 1-0


[Site "https://www.chess.com"]

[Event "Titled Tuesday Blitz May 16 Early 2023"]
[White "Estrada Nieto, Julian"]
[Black "Demchenko, Anton"]
[WhiteFideId "5101018"]
[BlackFideId "4160258"]
[WhiteElo "2161"]
[BlackElo "2545"]
[Result "0-1"]
[Round "01"]
[TimeControl "180+2"]
[Date "2023.05.16"]
[WhiteClock "0:00:20"]
[BlackClock "0:00:37"]

1. e4 e5 2. Nf3 Nc6 3. Bb5 a6 4. Ba4 Nf6 5. O-O Be7 6. d3 b5 7. Bb3 d6 8. a4 Bd7 9. h3 O-O 10. Nc3 b4 11. Nd5 Na5 12. Ba2 Rb8 13. Nxf6+ Bxf6 14. Nd2 Kh8 15. Nc4 Nc6 16. c3 Bg5 17. Ne3 g6 18. Bc4 f5 19. Bxa6 f4 20. Nd5 f3 21. Kh2 fxg2 22. Kxg2 Bxc1 23. Qxc1 Qh4 24. Qe3 bxc3 25. bxc3 Rb2 26. Qg3 Bxh3+ 27. Kg1 Qh5 28. Nxc7 Rf3 29. Qh2 Qg4+ 30. Kh1 Bxf1 31. Rxf1 Rh3 0-1


[Site "https://www.chess.com"]

[Event "Titled Tuesday Blitz May 16 Early 2023"]
[White "Madaminov, Mukhiddin"]
[Black "Maxfan2008"]
[WhiteFideId "14210703"]
[WhiteElo "2511"]
[BlackElo "2523"]
[Result "1-0"]
[Round "01"]
[TimeControl "180+2"]
[Date "2023.05.16"]
[WhiteClock "0:00:48"]
[BlackClock "0:00:33"]

1. d4 d5 2. Nc3 Nf6 3. Bf4 c5 4. e4 Nxe4 5. Nxe4 dxe4 6. dxc5 Qa5+ 7. c3 Qxc5 8. Qa4+ Nc6 9. Qxe4 Bf5 10. Qa4 e6 11. Nf3 Bd6 12. Be3 Qa5 13. Qxa5 Nxa5 14. Nd4 Be4 15. Nb5 Bb8 16. Bc5 Nc6 17. f3 Bg6 18. Be2 f6 19. Rd1 e5 20. Kf2 a6 21. Nd6+ Bxd6 22. Rxd6 Bf7 23. Rhd1 Rd8 24. a4 Bb3 25. R1d2 Rxd6 26. Rxd6 Bxa4 27. Bc4 Bb5 28. Bd5 Nd8 29. Rb6 Bc6 30. Bxc6+ Nxc6 31. Rxb7 Rg8 32. Rc7 Nd8 33. Re7+ Kf8 34. b4 h5 35. h4 g6 36. Rh7+ Ke8 37. Re7+ Kf8 38. Rxe5+ Kf7 39. Re7+ Kf8 40. Ra7+ Ke8 41. Rxa6 Kf7 42. Ra7+ Ke8 43. Re7+ Kf8 44. c4 Rg7 45. Rd7+ 1-0


[Site "https://www.chess.com"]

[Event "Titled Tuesday Blitz May 16 Early 2023"]
[White "Shvedova, Alexandra"]
[Black "Makarian, Rudik"]
[WhiteFideId "54154782"]
[BlackFideId "44105681"]
[WhiteElo "1973"]
[BlackElo "2461"]
[Result "0-1"]
[Round "01"]
[TimeControl "180+2"]
[Date "2023.05.16"]
[WhiteClock "0:00:03"]
[BlackClock "0:01:43"]

1. e4 c5 2. Ne2 Nc6 3. d4 cxd4 4. Nxd4 e6 5. Nc3 a6 6. Be3 Nf6 7. a3 b5 8. g4 Bb7 9. Bg2 Nxd4 10. Bxd4 b4 11. axb4 Bxb4 12. Qe2 Qc7 13. g5 e5 14. gxf6 exd4 15. fxg7 Rg8 16. O-O dxc3 17. bxc3 Be7 18. Rfd1 Rxg7 19. Rd3 Bc6 20. Rh3 Qf4 21. Rd3 Rxg2+ 22. Kxg2 Qxe4+ 0-1


[Site "https://www.chess.com"]

[Event "Titled Tuesday Blitz May 16 Early 2023"]
[White "Svane, Frederik"]
[Black "Shuvalov, Evgenij"]
[WhiteFideId "12923044"]
[BlackFideId "4187237"]
[WhiteElo "2502"]
[BlackElo "2080"]
[Result "1/2-1/2"]
[Round "01"]
[TimeControl "180+2"]
[Date "2023.05.16"]
[WhiteClock "0:00:07"]
[BlackClock "0:00:28"]

1. g3 d5 2. Nf3 Nf6 3. Bg2 Bf5 4. O-O e6 5. c4 c6 6. Qb3 Qb6 7. d3 dxc4 8. Qxc4 Nbd7 9. Nc3 h6 10. e4 Bg4 11. Be3 Qb4 12. Qxb4 Bxb4 13. a3 Be7 14. d4 Nb6 15. Ne5 Nbd7 16. f4 Nxe5 17. dxe5 Nd7 18. h3 Bh5 19. f5 exf5 20. exf5 Nxe5 21. Bd4 f6 22. Rae1 O-O-O 23. Bxe5 fxe5 24. Ne4 Bf7 25. Rf2 Rhe8 26. Kh2 Rd3 27. f6 gxf6 28. Nxf6 Bxf6 29. Rxf6 Bd5 30. Re2 Re6 31. Rxe6 Bxe6 32. Rxe5 Bd5 33. Re2 Kd7 34. h4 h5 35. Bxd5 Rxd5 36. Kh3 Kd6 37. Rf2 Ke6 38. Rf8 Rb5 39. b4 a5 40. Rf4 axb4 41. axb4 b6 42. g4 hxg4+ 43. Kxg4 c5 44. bxc5 bxc5 45. h5 Rb1 46. h6 Rh1 47. Kg5 Kd5 48. Kg6 c4 49. Rf5+ Kd4 50. Rh5 Rg1+ 51. Kf7 Rf1+ 52. Ke7 Re1+ 53. Kd7 Ra1 54. h7 Ra7+ 55. Kc6 Ra8 56. h8=Q+ Rxh8 57. Rxh8 c3 58. Kb5 c2 59. Rc8 Kd3 60. Kb4 Kd2 61. Rd8+ Ke3 62. Rc8 Kd2 63. Rd8+ Ke3 64. Re8+ Kd2 65. Rc8 c1=Q 66. Rxc1 Kxc1 1/2-1/2


[Site "https://www.chess.com"]

[Event "Titled Tuesday Blitz May 16 Early 2023"]
[White "Karas, Marek"]
[Black "Lazavik, Denis"]
[WhiteFideId "14928558"]
[BlackFideId "13515110"]
[WhiteElo "2233"]
[BlackElo "2560"]
[Result "0-1"]
[Round "01"]
[TimeControl "180+2"]
[Date "2023.05.16"]
[WhiteClock "0:00:00"]
[BlackClock "0:00:07"]

1. d4 Nf6 2. Nf3 e6 3. c4 b6 4. a3 Bb7 5. Nc3 d5 6. cxd5 Nxd5 7. Qc2 Be7 8. e4 Nxc3 9. bxc3 O-O 10. Bd3 c5 11. O-O Nd7 12. Be3 Qc7 13. Qe2 Rfd8 14. e5 Nf8 15. a4 Bd5 16. a5 bxa5 17. Ng5 h6 18. Ne4 Qc6 19. Qg4 h5 20. Qf3 cxd4 21. Bxd4 Rdc8 22. Rxa5 Ng6 23. Re1 Qc7 24. Raa1 Nxe5 25. Qg3 Ng6 26. Qxc7 Rxc7 27. g3 a5 28. Nd2 Nf8 29. Be4 Bxe4 30. Nxe4 a4 31. Ra2 a3 32. Nd2 Nd7 33. Rea1 e5 34. Be3 Rxc3 35. Ne4 Rc4 36. Nd2 Rca4 37. Nb1 Nf6 38. Nc3 R4a6 39. Nb5 Nd5 40. Rd1 Nxe3 41. fxe3 Ra5 42. Nc3 f6 43. Nd5 Bf8 44. e4 Kf7 45. Kg2 R8a7 46. Rdd2 Ra4 47. Kf3 Rc4 48. Re2 Raa4 49. h3 Bc5 50. g4 h4 51. Rec2 Rxc2 52. Rxc2 a2 53. Rxc5 a1=Q 54. Rc7+ Ke8 55. Rc8+ Kd7 56. Rc7+ Kd6 0-1


[Site "https://www.chess.com"]

[Event "Titled Tuesday Blitz May 16 Early 2023"]
[White "Paravyan, David"]
[Black "cristianserban1"]
[WhiteFideId "4194985"]
[WhiteElo "2563"]
[BlackElo "2522"]
[Result "1-0"]
[Round "01"]
[TimeControl "180+2"]
[Date "2023.05.16"]
[WhiteClock "0:01:11"]
[BlackClock "0:00:02"]

1. e4 c6 2. d4 d5 3. e5 g6 4. h3 a6 5. Nf3 Bf5 6. Bd3 Bxd3 7. Qxd3 e6 8. O-O c5 9. c3 Nc6 10. Be3 cxd4 11. cxd4 Bh6 12. Nc3 Bxe3 13. fxe3 Nge7 14. Rf2 O-O 15. Raf1 Nf5 16. Kh2 b5 17. Qd2 Kg7 18. Ne2 Qa5 19. Nc3 Qd8 20. g4 Nh4 21. Kg3 Nxf3 22. Rxf3 h5 23. Rf6 hxg4 24. hxg4 Nb8 25. e4 dxe4 26. Nxe4 Qd5 27. Rh1 Rh8 28. Rxh8 Kxh8 29. Qh6+ Kg8 30. Rxg6+ fxg6 31. Nf6+ 1-0


[Site "https://www.chess.com"]

[Event "Titled Tuesday Blitz May 16 Early 2023"]
[White "Mekhane, Adam"]
[Black "Zhigalko, Sergei"]
[WhiteFideId "36050601"]
[BlackFideId "13502956"]
[WhiteElo "2177"]
[BlackElo "2626"]
[Result "0-1"]
[Round "01"]
[TimeControl "180+2"]
[Date "2023.05.16"]
[WhiteClock "0:00:03"]
[BlackClock "0:00:17"]

1. e4 c5 2. Nf3 Nc6 3. Bb5 Nf6 4. d3 Qa5+ 5. Nc3 Nd4 6. Bc4 b5 7. Bb3 Nxb3 8. cxb3 d6 9. O-O e6 10. d4 b4 11. Na4 Nxe4 12. dxc5 Nxc5 13. Nxc5 Qxc5 14. Be3 Qa5 15. Qd4 Bb7 16. Rac1 e5 17. Qg4 h5 18. Qf5 Be7 19. Ng5 Qd5 20. f3 g6 21. Qe4 Qb5 22. Qc4 Qxc4 23. bxc4 a5 24. h4 Rc8 25. Rfd1 O-O 26. Bb6 a4 27. Ba5 d5 28. cxd5 Rxc1 29. Rxc1 Bxd5 30. Rc7 Re8 31. Kf2 Bxa2 32. Rb7 a3 33. bxa3 bxa3 34. Bc3 Bd5 35. Ra7 Bc5+ 36. Ke2 Bxa7 0-1


[Site "https://www.chess.com"]

[Event "Titled Tuesday Blitz May 16 Early 2023"]
[White "Hakobyan, Aram"]
[Black "Miszler, Levente"]
[WhiteFideId "13306677"]
[BlackFideId "763276"]
[WhiteElo "2584"]
[BlackElo "2176"]
[Result "1-0"]
[Round "01"]
[TimeControl "180+2"]
[Date "2023.05.16"]
[WhiteClock "0:02:23"]
[BlackClock "0:02:18"]

1. d4 Nf6 2. c4 e6 3. Nc3 Bb4 4. e3 O-O 5. a3 Bxc3+ 6. bxc3 c5 7. Ne2 d5 8. Ng3 Nbd7 9. cxd5 exd5 10. Bd3 Re8 11. O-O Qc7 12. Bb2 Ne4 13. c4 Nxg3 14. fxg3 dxc4 15. Bxh7+ Kxh7 16. Qh5+ Kg8 17. Qxf7+ Kh7 18. Qh5+ Kg8 19. Qxe8+ Kh7 20. Qh5+ Kg8 21. Qf7+ Kh7 22. d5 1-0


[Site "https://www.chess.com"]

[Event "Titled Tuesday Blitz May 16 Early 2023"]
[White "Tomiello, Mateus Costamilan"]
[Black "Tabatabaei, M. Amin"]
[WhiteFideId "22701958"]
[BlackFideId "12521213"]
[WhiteElo "1990"]
[BlackElo "2575"]
[Result "0-1"]
[Round "01"]
[TimeControl "180+2"]
[Date "2023.05.16"]
[WhiteClock "0:00:14"]
[BlackClock "0:01:19"]

1. e4 c5 2. Nf3 e6 3. d4 cxd4 4. Nxd4 Nc6 5. Nb5 d6 6. c4 Nf6 7. N5c3 a6 8. g3 Bd7 9. Bg2 h5 10. h4 Ne5 11. b3 b5 12. cxb5 axb5 13. O-O b4 14. Ne2 Be7 15. Nd2 Nfg4 16. Nf3 Bb5 17. a4 bxa3 18. Rxa3 O-O 19. Ng5 Rxa3 20. Bxa3 Qa8 21. Bb2 Qa6 22. Nd4 Bxf1 23. Bxf1 Qb6 24. Qc2 Ra8 25. Be2 Qc5 26. Qd2 Ra2 27. Kg2 Bf6 28. f3 Ne3+ 29. Kf2 Nc2 30. Qxc2 Qxc2 31. Nxc2 Rxb2 32. Ne3 Rxb3 0-1


[Site "https://www.chess.com"]

[Event "Titled Tuesday Blitz May 16 Early 2023"]
[White "Le, Tuan Minh"]
[Black "iHateNAJDORF"]
[WhiteFideId "12401153"]
[WhiteElo "2566"]
[BlackElo "2519"]
[Result "1-0"]
[Round "01"]
[TimeControl "180+2"]
[Date "2023.05.16"]
[WhiteClock "0:01:09"]
[BlackClock "0:00:32"]

1. d4 d5 2. Nf3 Nf6 3. Bf4 c5 4. c3 Qb6 5. Qc2 Nc6 6. e3 Bf5 7. dxc5 Bxc2 8. cxb6 axb6 9. Na3 Bg6 10. Nb5 Kd7 11. Be2 e6 12. O-O Nh5 13. Bc7 Ra6 14. c4 dxc4 15. Bxc4 Be7 16. Rfd1+ Kc8 17. Rac1 Bc5 18. a3 Na7 19. Be5 Nc6 20. Nd6+ Bxd6 21. Bxa6 Bxe5 22. Nxe5 Kc7 23. Rd7+ 1-0


[Site "https://www.chess.com"]

[Event "Titled Tuesday Blitz May 16 Early 2023"]
[White "Perera Alfonso, Rene Humberto"]
[Black "Ter-Sahakyan, Samvel"]
[WhiteFideId "3514722"]
[BlackFideId "13302531"]
[WhiteElo "2313"]
[BlackElo "2545"]
[Result "0-1"]
[Round "01"]
[TimeControl "180+2"]
[Date "2023.05.16"]
[WhiteClock "0:00:09"]
[BlackClock "0:02:12"]

1. e4 c5 2. Nf3 e6 3. d4 cxd4 4. Nxd4 Nf6 5. Nc3 Nc6 6. Ndb5 Bc5 7. Nd6+ Ke7 8. Bf4 e5 9. Nf5+ Kf8 10. Bg5 Bb4 11. Ne3 Qa5 12. Nc4 Bxc3+ 13. bxc3 Qxc3+ 14. Bd2 Qd4 15. c3 Qxe4+ 16. Be3 d5 17. Nd6 Qg4 18. Qb3 Qd7 19. Bc5 Kg8 20. Be2 Qc7 21. O-O b6 22. Ba3 Be6 0-1


[Site "https://www.chess.com"]

[Event "Titled Tuesday Blitz May 16 Early 2023"]
[White "Tang, Andrew"]
[Black "Tokman, Ariel"]
[WhiteFideId "2059630"]
[BlackFideId "117420"]
[WhiteElo "2596"]
[BlackElo "2263"]
[Result "0-1"]
[Round "01"]
[TimeControl "180+2"]
[Date "2023.05.16"]
[WhiteClock "0:00:00"]
[BlackClock "0:00:03"]

1. d4 Nf6 2. c4 c6 3. Bf4 d5 4. e3 Bf5 5. Nc3 e6 6. Qb3 Qb6 7. c5 Qxb3 8. axb3 Nbd7 9. b4 Nh5 10. b5 Nxf4 11. exf4 Be7 12. Nf3 O-O 13. Kd2 cxb5 14. Bxb5 Nf6 15. Ne5 a6 16. Be2 Rfd8 17. g4 Bg6 18. h4 h5 19. g5 Nd7 20. b4 Nxe5 21. fxe5 Rdb8 22. Ra4 b6 23. Rxa6 Rxa6 24. Bxa6 bxc5 25. bxc5 Rb4 26. Ke3 f6 27. c6 Bd8 28. gxf6 gxf6 29. f4 Bb6 30. Ne2 Kf7 31. Rc1 Bc7 32. Rc3 Ke7 33. Bd3 Be8 34. Rc2 Rb6 35. Ng3 fxe5 36. fxe5 Bxc6 37. Nxh5 Bb8 38. Nf4 Be8 39. h5 Rb4 40. h6 Ba7 41. h7 Bxd4+ 42. Kf3 Bxe5 43. Rc7+ Kd6 44. Rc8 Rxf4+ 45. Ke2 Bh5+ 46. Ke1 Bd4 47. h8=Q Bxh8 48. Rxh8 Bg4 49. Kd2 Bf5 50. Ke3 Rb4 51. Be2 Ke5 52. Rc8 d4+ 53. Kf2 Rb3 54. Bf3 Re3 55. Rc5+ Kd6 56. Rc6+ Kd7 57. Rc4 e5 58. Rc5 Ke6 59. Rc6+ Kf7 60. Bd5+ Kg7 61. Rc7+ Kf6 62. Rf7+ Kg5 63. Bf3 Kf4 64. Bh5 Rc3 65. Bg6 Rc2+ 66. Ke1 Ke3 67. Bh5 Rc1+ 68. Bd1 Bg4 69. Kf1 Rxd1+ 70. Kg2 e4 71. Kg3 Bf3 0-1


[Site "https://www.chess.com"]